 Dungeon Sprint DCSS version 0.26-a0-1038-gfb849e850a (webtiles) character file.

Game seed: 6150823337987332647

375 Conn the Martial Artist (level 6, -8/42 HPs)
             Began as an Octopode Fire Elementalist on Dec 11, 2020.
             Mangled by a boulder beetle (29 damage)
             ... in the Dungeon (Sprint II: "The Violet Keep of Menkaure").
             The game lasted 00:03:38 (115 turns).

Conn the Martial Artist (Octopode Fire Elementalist) Turns: 115, Time: 00:03:39

Health: -8/42      AC:  1    Str:  8      XL:     6   Next: 73%
Magic:  9/11       EV: 14    Int: 15 (18) God:
Gold:   243        SH:  0    Dex: 11      Spells: 4/12 levels left

rFire    . . .     SeeInvis .     - Unarmed
rCold    . . .     Faith    .   (no shield)
rNeg     . . .     Spirit   .   (helmet restricted)
rPois    .         Reflect  .   (no amulet)
rElec    .         Harm     .   (no ring)
rCorr    .         Rampage  .   (no ring)
Will     .....     Rnd*Rage +   (no ring) Stlth +++++.....NoTele +
                                (no ring)
HPRegen  0.00/turn              (no ring)
MPRegen  0.12/turn              (no ring)
                                (no ring)
                                (no ring)

@: no status effects
A: almost no armour, stealthy swim, amphibious, 8 rings, constrict 8, camouflage
1, berserk 1, blurry vision 1, clumsy 1, inhibited regeneration, gelatinous body
1
a: no special abilities


You were in the Dungeon.
You visited 1 branch You collected 243 gold pieces.

Inventory:

Potions
 b - a potion of curing
 e - 2 potions of magic


   Skills:
 + Level 3.0 Fighting
 + Level 3.4 Dodging
 + Level 4.6 Stealth
 - Level 9.5 Unarmed Combat
 + Level 3.9 Spellcasting
 * Level 2.5 Conjurations
 * Level 7.8 Fire Magic


You had 4 spell levels left.
You knew the following spells:

 Your Spells              Type           Power        Failure   Level
a - Foxfire               Conj/Fire      ###.         2%          1
b - Conjure Flame         Conj/Fire      ###.....     6%          3
c - Sticky Flame          Conj/Fire      ###.....     22%         4

Your spell library contained the following spells:

 Spells                   Type           Power        Failure   Level
 Inner Flame              Hex/Fire       ##......     11%         3
 Fireball                 Conj/Fire      ###.......   52%         5


Dungeon Overview and Level Annotations

Branches:
Dungeon (1/1)

Altars:

Shops:
D !(:=[:[*?![

Annotations:
D Roxanne


Innate Abilities, Weirdness & Mutations

You cannot wear most types of armour.
You are very stealthy in the water. (Stealth+)
You are amphibious.
You can wear up to eight rings at the same time.
You can use your tentacles to constrict eight enemies at once.
Your skin changes colour to match your surroundings (Stealth+).
Your rubbery body absorbs attacks. (AC +1, EV +1)
You tend to lose your temper in combat.
Scrolls take you a little longer to read.
You are clumsy. (Dex -2)
You do not regenerate when monsters are visible.


Message History

* * * LOW HITPOINT WARNING * * *
The boulder beetle stops rolling and uncurls.
Marking area around Roxanne as unsafe for travelling.
Casting: Foxfire (safe; 2% risk of failure)
Confirm with . or Enter, or press ? or * to list all spells.
Okay, then.
Unknown command.
Unknown command.
You feel much better.
Roxanne wails, "NOOOO!"
The boulder beetle bites you!!
Casting: Foxfire (safe; 2% risk of failure)
Confirm with . or Enter, or press ? or * to list all spells.
The spell is quite dangerous to cast (22% risk of failure)!
Continue anyway?
Okay, then.
Unknown command.
Unknown command.
You open the door. The boulder beetle bites you!!
Ouch! That really hurt!
You die...

∩...∩.#≈#.#.##.##
#..#
.....∩'≈'.##'.<.+
+..###
......#≈#..###.##
#....###.
▓▓▓▓###≈##.###+#
##..§...≈≈
?######≈≈####.
###≈≈.....≈# [# ##≈
#..# #†≈≈≈§≈≈..≈# §
#.. ##≈≈≈§§≈≈§.≈#
y#≈≈##'##5≈≈§§≈≈≈≈≈≈#
#≈≈≈≈@B≈≈§≈≈≈≈≈§≈≈#
#+++#+++#≈§≈≈≈≈≈§≈#
§§§ ##≈≈§###≈§# ≈§§§§
#≈≈# §§ +≈§§§§8 ≈≈#
##§§§§§ ≈≈≈≈ ##§≈≈§
## ####+


You could see Roxanne, a boulder beetle and an ufetubus (summoned).

Vanquished Creatures
  2 neqoxecs (D)
  Menkaure (D)
3 creatures vanquished.

Vanquished Creatures (others)
  A water moccasin (D)
  10 foxfires (D)
11 creatures vanquished.

Grand Total: 14 creatures vanquished

Notes
Turn   | Place    | Note
-------+----------+-------------------------------------------
     0 | D        | Conn the Octopode Fire Elementalist began the quest for the
                  | Orb.
     0 | D        | Reached XP level 1. HP: 11/11 MP: 3/3
     1 | D        | Noticed a neqoxec
     5 | D        | Noticed a neqoxec
    11 | D        | Killed a neqoxec
    12 | D        | Reached skill level 9 in Unarmed Combat
    12 | D        | Reached XP level 2. HP: 17/17 MP: 5/5
    12 | D        | Reached XP level 3. HP: 21/21 MP: 6/6
    12 | D        | Reached XP level 4. HP: 27/27 MP: 7/7
    12 | D        | Reached XP level 5. HP: 31/31 MP: 8/8
    15 | D        | Gained mutation: You tend to lose your temper in combat. [a
                  | neqoxec]
    16 | D        | Killed a neqoxec
    17 | D        | Reached skill level 5 in Fire Magic
    17 | D        | Reached XP level 6. HP: 42/42 MP: 8/11
    27 | D        | Killed a water moccasin
    47 | D        | Learned a level 3 spell: Conjure Flame
    52 | D        | Learned a level 4 spell: Sticky Flame
    71 | D        | Found Wuppoh's Antique Armour Emporium.
    72 | D        | Found Sexyllao's Magic Scroll Shoppe.
    72 | D        | Found Viorilid's Distillery.
    72 | D        | Found Biofogg's Antique Armour Emporium.
    72 | D        | Found Zeshaeng's General Store.
    72 | D        | Found Qajiadwi's Armour Shoppe.
    72 | D        | Found Errur's Book Shoppe.
    77 | D        | Found Gor Off's Jewellery Shoppe.
    77 | D        | Found Ceihagam's Book Emporium.
    77 | D        | Noticed a neqoxec
    78 | D        | Found Bon Xuto's Antique Weapon Shoppe.
    78 | D        | Found Xuelek's Distillery.
    78 | D        | Noticed Menkaure
    78 | D        | Noticed a neqoxec
    78 | D        | Noticed a vampire mosquito
    86 | D        | Killed Menkaure
    90 | D        | Noticed an orange crystal statue
    90 | D        | Gained mutation: Scrolls take you a little longer to read.
                  | [a neqoxec]
    93 | D        | Noticed a boulder beetle
    93 | D        | Gained mutation: You do not regenerate when monsters are
                  | visible. [a neqoxec]
    94 | D        | Noticed a boulder beetle
    94 | D        | Gained mutation: You are clumsy. (Dex -2) [a neqoxec]
   113 | D        | Identified Roxanne's Incunabulum of Clay
   113 | D        | Noticed Roxanne
   115 | D        | Mangled by a boulder beetle

Illustrated notes

Levels and vault maps discovered:
D:        the_violet_keep_of_menkaure [sprint2_stairs_cluster_1,
          sprint2_shoproom, sprint2_temple, sprint2_basic_supplies,
          sprint2_obstacle_6, sprint2_obstacle_5, sprint2_obstacle_4,
          sprint2_obstacle_1, sprint2_obstacle_7, sprint2_timed_cluster_1,
          sprint2_smallroom_cluster_1, sprint2_smallroom_final_cluster_1,
          sprint2_transparent_cluster_1, sprint2_second_timed_cluster_1,
          sprint2_sniper_area_1, sprint2_heavy_combat_area_1,
          sprint2_mutation_trap_area_1, sprint2_forest_area_1,
          sprint2_light_combat_area_1, sprint2_behind_water_1,
          sprint2_near_end_vault_1]

Skill      XL: |  1  2  3  4  5  6 |
---------------+-------------------+-----
Unarmed Combat | 9 |  9.5
Fighting       | 3 |  3.0
Dodging        | 3 |  3.4
Stealth        | 4 |  4.6
Spellcasting   | 3 |  3.9
Fire Magic     | 5 7 |  7.8
Conjurations   | 2 |  2.5

Action                   |  1- 3 |  4- 6 || total
-------------------------+-------+-------++-------
Melee: Unarmed           |     7 |     5 ||    12
       Tentacles         |     2 |     1 ||     3
       Constrict         |     1 |     1 ||     2
 Cast: Foxfire           |       |     6 ||     6
  Use: Potion            |     2 |     1 ||     3
       Scroll            |       |     1 ||     1
Dodge: Dodged            |     2 |     8 ||    10

Table legend: (Time is in decaauts)
 A = Elapsed time spent in this place.
 B = Non-inter-level travel time spent in this place.
 C = Inter-level travel time spent in this place.
 D = Time resting spent in this place.
 E = Time spent auto-exploring this place.
 F = Levels seen in this place.
 G = Mean time per level.
                   A        B        C        D        E       F      G
               +--------+--------+--------+--------+--------+-----+--------+
         Total |    109 |    109 |      0 |     37 |      0 |   1 |  109.0 |
       Dungeon |    109 |    109 |      0 |     37 |      0 |   1 |  109.0 |
               +--------+--------+--------+--------+--------+-----+--------+

Top non-repeatable levels by time:
       D: 109 daAuts
